 Dungeon Crawl Stone Soup version 0.27-a0-1113-gb2b6fe9c5e (console) character file.

Game seed: 15782734890351813580

12 Gather the Insei (level 2, -1/18 HPs)
             Began as an Octopode Transmuter on May 1, 2021.
             Slain by a jackal (3 damage)
             ... on level 1 of the Dungeon.
             The game lasted 00:01:19 (256 turns).

Gather the Insei (Octopode Transmuter)               Turns: 256, Time: 00:01:20

Health: -1/18      AC:  1    Str:  9    XL:     2   Next: 33%
Magic:  2/5        EV: 13    Int: 15    God:
Gold:   0          SH:  0    Dex: 12    Spells: 2/5 levels left

rFire    . . .     SeeInvis .     - Unarmed
rCold    . . .     Faith    .   (no shield)
rNeg     . . .     Spirit   .   (helmet restricted)
rPois    .         Reflect  .   (no amulet)
rElec    .         Harm     .   (no ring)
rCorr    .         Rampage  .   (no ring)
Will     .....                  (no ring)
Stlth    ++........             (no ring)
HPRegen  0.06/turn              (no ring)
MPRegen  0.09/turn              (no ring)
                                (no ring)
                                (no ring)

@: wereblooded
A: almost no armour, amphibious, 8 rings, camouflage 1, gelatinous body 1,
(nimble swimmer 1), tentacles
a: no special abilities


You were on level 1 of the Dungeon.
You visited 1 branch of the dungeon, and saw 1 of its levels.

Inventory:

Hand Weapons
 b - a +0 dagger
Missiles
 c - 5 stones
Potions
 a - a potion of curing {unknown}
 d - a potion of mutation {unknown}


   Skills:
 - Level 1.0 Fighting
 - Level 2.0 Dodging
 + Level 3.7 Unarmed Combat
 - Level 2.0 Spellcasting
 - Level 2.0 Transmutations


You had 2 spell levels left.
You knew the following spells:

 Your Spells              Type           Power      Damage    Failure   Level
a - Beastly Appendage     Tmut           14%        N/A       10%         1
w - Wereblood             Tmut           7%         N/A       14%         2

Your spell library contained the following spells:

 Spells                   Type           Power      Damage    Failure   Level
 Spider Form              Tmut/Pois      2%         N/A       41%         3
 Ice Form                 Ice/Tmut       4%         N/A       82%         4
 Hydra Form               Tmut           3%         N/A       95%         5


Dungeon Overview and Level Annotations

Branches:
Dungeon (1/15)

Altars:


Innate Abilities, Weirdness & Mutations

You cannot wear most types of armour.
You are amphibious.
You can wear up to eight rings at the same time.
Your skin changes colour to match your surroundings (Stealth+).
Your rubbery body absorbs attacks. (AC +1, EV +1)
((You are camouflaged near water. (Stealth+)))
You have tentacles for arms and can constrict up to eight enemies at once.


Message History

You constrict the jackal, but do no damage.
The jackal bites you.
You tentacle-slap the jackal.
You kill the jackal!
The jackal bites you.
You closely miss the jackal. Your grab misses the jackal.
Your tentacle spike misses the jackal.
Your tentacle-slap misses the jackal.
You howl as the wereblood boils in your veins!
Your tentacle spike disappears.
The jackal bites you.
You tentacle-slap the jackal but do no damage.
Your grab misses the jackal.
You tentacle-slap the jackal, but do no damage.
The jackal bites you.
Your magical contamination has completely faded away.
You barely miss the jackal. Your grab misses the jackal.
Your squeeze misses the jackal. The jackal bites you.
You tentacle-slap the jackal. Your grab misses the jackal.
Your squeeze misses the jackal.
The jackal is severely wounded.
You howl as the wereblood boils in your veins!
The jackal barely misses you. The jackal bites you.
* * * LOW HITPOINT WARNING * * *
You completely miss the jackal. You grab the jackal.
The jackal is severely wounded.
You howl as the wereblood boils in your veins!
You constrict the jackal.
You kill the jackal!
You barely miss the jackal. You grab the jackal. You constrict the jackal.
The jackal bites you.
* * * LOW HITPOINT WARNING * * *
You tentacle-slap the jackal. Your squeeze misses the jackal.
The jackal is heavily wounded.
You constrict the jackal.
The jackal bites you but does no damage.
The jackal closely misses you.
You tentacle-slap the jackal.
You kill the jackal!
You completely miss the jackal. Your grab misses the jackal.
The jackal closely misses you. x2
You tentacle-slap the jackal. Your grab misses the jackal.
The jackal is almost dead.
The jackal bites you.
You die...

#...# ##..#
#..# ###
#..##.....
#.....#
#.#.....#
#.#.###># #.#.#
.. #.#.#.#.#
#######........
#....h@†###.###
#.#####.# .♣..
. .?.. ≈≈
≈≈.... ..
♣##### ≈≈.


You could see a jackal.

Vanquished Creatures
  A bat (D:1)
  An endoplasm (D:1)
  A goblin (D:1)
  A hobgoblin (D:1)
  3 jackals (D:1)
  A quokka (D:1)
  2 kobolds (D:1)
10 creatures vanquished.

Notes
Turn   | Place    | Note
-------+----------+-------------------------------------------
     0 | D:1      | Gather the Octopode Transmuter began the quest for the Orb.
     0 | D:1      | Reached XP level 1. HP: 13/13 MP: 3/3
   183 | D:1      | Reached XP level 2. HP: 18/18 MP: 3/5
   194 | D:1      | Learned a level 2 spell: Wereblood
   256 | D:1      | Slain by a jackal

Illustrated notes

Levels and vault maps discovered:
D:1:      lightli_arrival_statuegarden, layout_loops_ring,
          ebering_ecumenical_altar_webs, chequers_serial_rivers_marsh,
          wad_woods_river_04, minmay_misc_feat_room, minmay_misc_feat_pillars,
          hangedman_decor_push

Action                   || total
-------------------------++-------
Melee: Unarmed           ||    28
       Constrict         ||     7
       Kick              ||     1
       Tentacles         ||     1
       Punch             ||     1
 Cast: Beastly Appendage ||     5
       Wereblood         ||     1
 Stab: Sleeping          ||     1
Armor: Skin              ||     5
Dodge: Dodged            ||    18

Table legend: (Time is in decaauts)
 A = Elapsed time spent in this place.
 B = Non-inter-level travel time spent in this place.
 C = Inter-level travel time spent in this place.
 D = Time resting spent in this place.
 E = Time spent auto-exploring this place.
 F = Levels seen in this place.
 G = Mean time per level.
                   A        B        C        D        E       F      G
               +--------+--------+--------+--------+--------+-----+--------+
         Total |    254 |    254 |      0 |      0 |    185 |   1 |  254.0 |
       Dungeon |    254 |    254 |      0 |      0 |    185 |   1 |  254.0 |
               +--------+--------+--------+--------+--------+-----+--------+

Top non-repeatable levels by time:
     D:1: 254 daAuts
